 Dungeon Crawl Stone Soup version 0.23.2-30-g0e89c35649 (webtiles) character file.

Game seed: 13474358789829775880

92 TrebMcFLY the Chopper (level 4, -3/60 HPs)
             Began as a Hill Orc Fighter on June 22, 2019.
             Slain by a two-headed ogre
             ... wielding a +0 giant club
              (8 damage)
             ... on level 3 of the Dungeon.
             The game lasted 00:03:29 (1469 turns).

TrebMcFLY the Chopper (Hill Orc Fighter)            Turns: 1469, Time: 00:03:30

Health: -3/60      AC: 10    Str: 24    XL:     4   Next: 60%
Magic:  4/4        EV:  7    Int:  8    God:
Gold:   29         SH:  9    Dex: 10    Spells: 3/3 levels left

rFire    . . .     SeeInvis .   a - +0 war axe
rCold    . . .     Gourm    .   c - +0 shield
rNeg     . . .     Faith    .   b - +0 scale mail
rPois    .         Spirit   .   (no helmet)
rElec    .         Reflect  .   o - +2 cloak
rCorr    .         Harm     .   (no gloves)
MR       .....                  (no boots)
Stlth    ..........             l - amulet of rage
HPRegen  0.20/turn              (no ring)
MPRegen  0.09/turn              (no ring)

@: berserking, very quick
A: no striking features
a: Evoke Berserk Rage


You were on level 3 of the Dungeon.
You were hungry.

You visited 1 branch of the dungeon, and saw 3 of its levels.

You collected 29 gold pieces.

Inventory:

Hand Weapons
 a - a +0 war axe (weapon)
Armour
 b - a +0 scale mail (worn)
 c - a +0 shield (worn)
 o - a +2 cloak (worn)
Jewellery
 l - an amulet of rage (around neck)
Scrolls
 g - 6 scrolls of identify {unknown}
 k - a scroll of magic mapping {unknown}
 m - a scroll of teleportation {unknown}
 n - 4 scrolls of enchant armour {unknown}
 q - a scroll of remove curse {unknown}
Potions
 d - a potion of might
 e - 2 potions of ambrosia {unknown}
 h - a potion of haste {unknown}
 j - a potion of degeneration {unknown}
 p - a potion of mutation {unknown}
Comestibles
 f - 4 rations
 i - a chunk of flesh


   Skills:
 + Level 4.2 Fighting
 * Level 4.2 Axes
 + Level 3.8 Armour
 + Level 3.9 Shields
 + Level 1.1 Evocations


You had 3 spell levels left.
You didn't know any spells.
Your spell library was empty.

Dungeon Overview and Level Annotations

Branches:
Dungeon (3/15)

Altars:
Elyvilon
Nemelex Xobeh


Message History

The two-headed ogre is moderately wounded.
The two-headed ogre hits you with a +0 giant club.
The two-headed ogre barely misses you.
You slash the two-headed ogre!
The two-headed ogre is heavily wounded.
The two-headed ogre hits you with a +0 giant club!
You block the two-headed ogre's attack.
Your shield and scale mail prevent you from hitting the two-headed ogre.
The two-headed ogre is heavily wounded.
The two-headed ogre hits you with a +0 giant club!!
* * * LOW HITPOINT WARNING * * *
The two-headed ogre hits you with a +0 dire flail!
* * * LOW HITPOINT WARNING * * *
You slice the two-headed ogre!!
The two-headed ogre is almost dead.
You slash the two-headed ogre!
The two-headed ogre is almost dead.
You block the two-headed ogre's attack.
The two-headed ogre hits you with a +0 dire flail!
You die...

#######
#@....#.....?.....
#O###.#...........
#.#.#.#....$.....
#...#.#.........##
###.#............#
#.#............#
#.#............#
#.#............#
#.#............#


You could see a two-headed ogre.

Vanquished Creatures
  2 adders
  An ooze (D:1)
  3 worms (D:2)
  3 dart slugs
  A leopard gecko (D:2)
  3 giant cockroaches
  8 goblins
  6 hobgoblins
  3 jackals (D:1)
  5 kobolds
  2 quokkas (D:2)
  3 bats
  6 frilled lizards (D:2)
  5 rats
51 creatures vanquished.

Notes
Turn   | Place    | Note
-------+----------+-------------------------------------------
     0 | D:1      | TrebMcFLY the Hill Orc Fighter began the quest for the Orb.
     0 | D:1      | Reached XP level 1. HP: 19/19 MP: 1/1
   197 | D:1      | Reached XP level 2. HP: 27/27 MP: 2/2
   368 | D:1      | Reached XP level 3. HP: 24/33 MP: 3/3
   973 | D:2      | Reached XP level 4. HP: 38/40 MP: 4/4
  1027 | D:2      | Reached skill level 1 in Evocations
  1092 | D:2      | Found a sparkling altar of Nemelex Xobeh.
  1421 | D:3      | Found a white marble altar of Elyvilon.
  1441 | D:3      | Noticed a two-headed ogre
  1469 | D:3      | Slain by a two-headed ogre

Skill      XL: |  1  2  3  4 |
---------------+-------------+-----
Axes           | 3 4 |  4.2
Fighting       | 4 |  4.2
Evocations     | 1 |  1.1
Armour         | |  3.8
Shields        | |  3.9

Action                   |  1- 3 |  4- 6 || total
-------------------------+-------+-------++-------
Melee: War axe           |   102 |    38 ||   140
 Abil: Evoke Berserk Rag |       |     1 ||     1
  Eat: Chunk             |       |     2 ||     2
Armor: Scale mail        |    34 |    15 ||    49
Dodge: Dodged            |    30 |     9 ||    39
Block: Shield            |    39 |    20 ||    59
